 Dungeon Sprint DCSS version 0.20.1-1-g8b1a95d (webtiles) character file.

99564 potatolord6000 the End of an Era (level 16, -21/121 HPs)
             Began as a Gargoyle Fighter on Aug 25, 2017.
             Was the Champion of Qazlal.
             Blown up by an eye of devastation (51 damage)
             ... with a bolt of energy
             ... in the Dungeon (Sprint V: "Ziggurat Sprint").
             The game lasted 00:29:20 (1740 turns).

potatolord6000 the End of an Era (Gargoyle Fighter) Turns: 1740, Time: 00:29:21

Health: -21/121    AC: 47    Str: 28    XL:     16   Next: 25%
Magic:  22/36      EV:  3    Int: 18    God:    Qazlal [******]
Gold:   0          SH: 42    Dex: 15    Spells: 48/48 levels left

rFire    + . .     SeeInvis .   l - +11 lance "Wyrmbane" {slay drac, rPois rF+ rC+ AC+3}
rCold    + + .     Gourm    +   m - +18 shield of the Gong {rElec rN+ MR+ EV-5}
rNeg     + + +     Faith    .   a - +15 Maxwell's patent armour {-Cast -Tele rElec MR+ rCorr}
rPois    ∞         Spirit   .   L - +0 helmet of the Hidden Vale {Dex+2 Slay+4}
rElec    +         Reflect  .   A - +1 cloak {rPois}
rCorr    +         Harm     .   (no gloves)
MR       ++...     NoTele   +   x - +0 pair of boots {Stlth+} Stlth +.........NoCast +
                                C - amulet of a Million Curses {Gourm Str+3 Dex+4}
Regen    0.3/turn               y - ring of Meupn {rF- MR- AC+5 Int+7 Stlth+}
MPRegen  0.3/turn               D - ring of Faol Ynis {*Slow rElec rF+ rC+ rN+ Stlth+}

@: corroded, flying, studying 2 skills, repel missiles
A: big wings, negative energy resistance 1, screaming 1, electricity resistance,
unbreathing, petrification resistance, rot immunity, AC +11
a: Stop Flying, Upheaval, Elemental Force, Disaster Area, Renounce Religion


You were in the Dungeon.
You worshipped Qazlal.
Qazlal was exalted by your worship.
You were not hungry.

You visited 1 branch

Inventory:

Hand Weapons
 l - the +11 lance "Wyrmbane" (weapon) {slay drac, rPois rF+ rC+ AC+3}
   (You found it in the Dungeon)

   It affects your AC (+3).
   It protects you from fire.
   It protects you from cold.
   It protects you from poison.
Armour
 a - the +15 Maxwell's patent armour (worn) {-Cast -Tele rElec MR+ rCorr}
   (You found it in the Dungeon)

   It insulates you from electricity.
   It affects your resistance to hostile enchantments.
   It prevents spellcasting.
   It prevents most forms of teleportation.
   It protects you from acid and corrosion.
 m - the +18 shield of the Gong (worn) {rElec rN+ MR+ EV-5}
   (You found it in the Dungeon)

   It affects your evasion (-5).
   It insulates you from electricity.
   It protects you from negative energy.
   It affects your resistance to hostile enchantments.
 x - a +0 pair of boots of stealth (worn)
 A - a +1 cloak of poison resistance (worn)
 L - the +0 helmet of the Hidden Vale (worn) {Dex+2 Slay+4}
   (You found it in the Dungeon)

   It affects your dexterity (+2).
   It affects your accuracy and damage with ranged weapons and melee attacks
   (+4).
Jewellery
 y - the ring of Meupn (left hand) {rF- MR- AC+5 Int+7 Stlth+}
   (You found it in the Dungeon)

   [ring of protection]

   It affects your AC (+5).
   It affects your intelligence (+7).
   It makes you vulnerable to fire.
   It affects your resistance to hostile enchantments.
   It makes you more stealthy.
 C - the amulet of a Million Curses (around neck) {Gourm Str+3 Dex+4}
   (You found it in the Dungeon)

   [amulet of the gourmand]

   It allows you to eat raw meat even when not hungry.
   It affects your strength (+3).
   It affects your dexterity (+4).
 D - the ring of Faol Ynis (right hand) {*Slow rElec rF+ rC+ rN+ Stlth+}
   (You found it in the Dungeon)

   [ring of protection from cold]

   It protects you from fire.
   It protects you from cold.
   It insulates you from electricity.
   It protects you from negative energy.
   It may slow you when you take damage.
   It makes you more stealthy.
Scrolls
 k - 4 scrolls of blinking
 n - 4 scrolls of amnesia
 o - 3 scrolls of recharging
 p - 7 scrolls of fog
 q - a scroll of holy word
 r - 5 scrolls of identify
 s - 5 scrolls of remove curse
 t - 2 scrolls of fear
 B - 6 scrolls of brand weapon
 F - 4 scrolls of enchant weapon
 G - 4 scrolls of enchant armour
Potions
 d - 6 potions of might
 e - 10 potions of curing
 h - 9 potions of haste
 i - 2 potions of magic
 j - 3 potions of berserk rage
 u - 2 potions of brilliance
 v - 2 potions of invisibility
 w - 5 potions of resistance
 z - 7 potions of agility
Books
 I - a manual of Bows
 J - a manual of Bows
 K - a manual of Short Blades
Comestibles
 b - 42 fruits
 c - 3 meat rations
 f - 5 bread rations
 E - 6 royal jellies


   Skills:
 + Level 21.0 Fighting
 + Level 16.7 Polearms
 + Level 19.4 Armour
 - Level 12.2 Stealth
 + Level 19.4 Shields
 + Level 16.5 Spellcasting
 * Level 23.5 Invocations


You had 48 spell levels left.
You didn't know any spells.

Dungeon Overview and Level Annotations

Branches:
Dungeon (1/1)

Altars:
Ashenzari
Cheibriados
Dithmenos
Elyvilon
Fedhas
Gozag
Hepliaklqana
Kikubaaqudgha
Makhleb
Nemelex Xobeh
Okawaru
Qazlal
Ru
Sif Muna
Trog
Uskayaw
Vehumet
Xom
Yredelemnul
Zin
The Shining One
Beogh
Jiyva
Lugonu


Innate Abilities, Weirdness & Mutations

You are resistant to torment.
Your stone body is resilient. (AC +11)
You are immune to poison.
Your large and strong wings let you fly indefinitely.
You resist negative energy. (rN+)
You are resistant to electric shocks. (rElec)
You can survive without breathing.
You are immune to petrification.
You are immune to rotting.
You occasionally shout uncontrollably at your foes.


Message History

You hit the eye of devastation.
The eye of devastation is almost dead.
Unknown command.
You hit the eye of devastation but do no damage.
The eye of devastation is almost dead.
The eye of devastation gazes at you. The bolt of energy hits you!
* * * LOW HITPOINT WARNING * * *
Unknown command.
You hit the eye of devastation but do no damage.
The eye of devastation is almost dead.
Unknown command.
You hit the eye of devastation but do no damage.
The eye of devastation is almost dead.
Unknown command.
You hit the eye of devastation but do no damage.
The eye of devastation is almost dead.
The eye of devastation gazes at you. The bolt of energy hits you!
You die...

▓...(..
≈≈..≈..≈..≈.....
▓......
.≈≈≈.≈.≈≈..≈....
▓......
.≈≈≈≈..≈≈≈≈....
▓.....(
≈≈...≈≈≈.....
▓......
▓.≈...≈...▓
▓...... .
▓▓.§≈.§.≈▓▓
▓...▓..
..≈▓≈..§≈§.≈.▓..
▓......
..≈≈.§G@§.....≈.
▓......
...≈≈≈...§.≈.≈..
▓......
▓▓▓▓▓▓▓▓▓▓▓▓▓▓▓▓
▓▓▓▓▓▓▓ ▓......
▓..|.[[ ▓......
▓.....[ ▓...:..
▓......


You could see an eye of devastation.

Vanquished Creatures
  2 greater mummies (D)
  An iron giant (D)
  2 quicksilver dragons (D)
  7 acid blobs (D)
  A shadow dragon (D)
  4 azure jellies (D)
  An iron dragon (D)
  7 stone giants (D)
  2 reapers (D)
  A green draconian (D)
  2 very ugly things (D)
  A spark wasp (D)
  A blizzard demon (D)
  6 crystal guardians (D)
  3 death oozes (D)
  An ice dragon (D)
  Josephine (D)
  2 great orbs of eyes (D)
  Erolcha (D)
  A hell hog (D)
  4 soul eaters (D)
  A death yak (D)
  2 hell knights (D)
  Sonja (D)
  4 iron golems (D)
  2 sea snakes (shapeshifter) (D)
  A flayed ghost (D)
  An orb spider (D)
  2 glowing orange brains (D)
  7 wolf spiders (D)
  A phantasmal warrior (D)
  4 shining eyes (D)
  3 ugly things (D)
  A faun (shapeshifter) (D)
  A salamander (shapeshifter) (D)
  A black mamba (shapeshifter) (D)
  Maurice (D)
  4 draconians (D)
  An eye of devastation (D)
  2 black mambas (D)
  A moth of wrath (D)
  3 rust devils (D)
  A gargoyle (D)
  A spiny frog (shapeshifter) (D)
  A hellion (D)
  3 spiny frogs (D)
  2 tormentors (D)
  A komodo dragon (shapeshifter) (D)
  A rime drake (D)
  4 freezing wraiths (D)
  2 komodo dragons (D)
  A demonic crawler (D)
  2 guardian mummies (D)
  4 ice devils (D)
  5 merfolk (D)
  A red devil (D)
  A queen bee (shapeshifter) (D)
  A wind drake (D)
  9 slime creatures (D)
  6 hornets (D)
  A merfolk (shapeshifter) (D)
  A jumping spider (D)
  2 polar bears (D)
  3 blink frogs (D)
  A raiju (shapeshifter) (D)
  2 hippogriffs (D)
  A yak (D)
  A spriggan (shapeshifter) (D)
  3 shadows (D)
  6 flying skulls (D)
  3 redbacks (D)
  4 air elementals (D)
  5 tarantellas (D)
  3 wraiths (D)
  A fire bat (D)
  A golden eye (D)
  4 neqoxecs (D)
  Edmund (D)
  Grum (D)
  2 insubstantial wisps (D)
  A floating eye (D)
  5 water moccasins (D)
  4 porcupines (D)
  An ice beast (D)
  A phantom (D)
  A necrophage (D)
  A wolf (D)
  3 centaurs (D)
  A big kobold (shapeshifter) (D)
  Blork the orc (D)
  2 crocodiles (D)
  3 bullfrogs (D)
  4 earth elementals (D)
  3 scorpions (D)
  3 wights (D)
  2 crimson imps (D)
  3 jellies (D)
  6 iron imps (D)
  Jessica (D)
  An iguana (D)
  2 mummies (D)
  5 white imps (D)
  2 spectral adders (D)
  6 adder zombies (D)
  2 adder skeletons (D)
  3 bat skeletons (D)
  6 bat zombies (D)
  A ball python skeleton (D)
  A ball python zombie (D)
  A giant cockroach zombie (D)
  A leopard gecko skeleton (D)
  2 leopard gecko zombies (D)
  A quokka skeleton (D)
267 creatures vanquished.

Vanquished Creatures (collateral kills)
  A rust devil (D)
  An ice devil (D)
  A necrophage (D)
  An iron imp (D)
  A giant cockroach zombie (D)
5 creatures vanquished.

Vanquished Creatures (others)
  A quokka zombie (D)
1 creature vanquished.

Grand Total: 273 creatures vanquished

Notes
Turn   | Place    | Note
-------+----------+-------------------------------------------
     0 | D        | potatolord6000 the Gargoyle Fighter began the quest for the Orb.
     0 | D        | Reached XP level 1. HP: 14/14 MP: 1/1
     0 | D        | Found a blossoming altar of Fedhas.
     1 | D        | Found a transporter.
     1 | D        | Found a viscous altar of Jiyva.
     1 | D        | Found an ancient bone altar of Kikubaaqudgha.
     1 | D        | Found a hazy altar of Hepliaklqana.
     1 | D        | Found a corrupted altar of Lugonu.
     1 | D        | Found an opulent altar of Gozag.
     1 | D        | Found a burning altar of Makhleb.
     6 | D        | Found an iron altar of Okawaru.
     6 | D        | Found a stormy altar of Qazlal.
     6 | D        | Found a sparkling altar of Nemelex Xobeh.
     6 | D        | Found a sacrificial altar of Ru.
     6 | D        | Found a deep blue altar of Sif Muna.
    47 | D        | Found a bloodstained altar of Trog.
    55 | D        | Reached XP level 2. HP: 20/20 MP: 1/5
    74 | D        | Became a worshipper of Qazlal Stormbringer
   100 | D        | Entered arena 2.
   100 | D        | Noticed a brown ugly thing
   100 | D        | Noticed a white ugly thing
   100 | D        | Found a transporter.
   110 | D        | Killed a white ugly thing
   110 | D        | Reached skill level 5 in Polearms
   110 | D        | Reached skill level 4 in Invocations
   110 | D        | Reached XP level 3. HP: 28/28 MP: 6/9
   110 | D        | Reached XP level 4. HP: 34/34 MP: 6/10
   110 | D        | Reached XP level 5. HP: 38/38 MP: 7/12
   110 | D        | Reached XP level 6. HP: 44/44 MP: 7/13
   119 | D        | Killed a white ugly thing
   119 | D        | Reached skill level 5 in Spellcasting
   119 | D        | Reached skill level 6 in Invocations
   119 | D        | Reached XP level 7. HP: 32/48 MP: 7/15
   125 | D        | Entered arena 3.
   125 | D        | Found a transporter.
   130 | D        | Reached * piety under Qazlal
   146 | D        | Entered arena 4.
   146 | D        | Noticed a golden eye
   146 | D        | Found a transporter.
   151 | D        | Killed a golden eye
   151 | D        | Reached ** piety under Qazlal
   151 | D        | Reached XP level 8. HP: 54/54 MP: 10/17
   163 | D        | Got the amulet "Cunif" {Harm *Drain rN+ Int+6}
   170 | D        | Entered arena 5.
   170 | D        | Found a transporter.
   173 | D        | Reached *** piety under Qazlal
   181 | D        | Reached skill level 7 in Invocations
   188 | D        | Entered arena 6.
   188 | D        | Noticed a draconian
   188 | D        | Noticed a draconian
   188 | D        | Noticed a green draconian
   188 | D        | Noticed a draconian
   188 | D        | Noticed a draconian
   188 | D        | Found a transporter.
   191 | D        | Killed a draconian
   191 | D        | Reached XP level 9. HP: 60/60 MP: 7/19
   202 | D        | Killed a green draconian
   202 | D        | Reached **** piety under Qazlal
   202 | D        | Reached skill level 8 in Invocations
   207 | D        | Killed a draconian
   207 | D        | Reached skill level 10 in Fighting
   207 | D        | Reached skill level 10 in Stealth
   207 | D        | Reached skill level 10 in Shields
   210 | D        | Killed a draconian
   210 | D        | Reached skill level 10 in Armour
   210 | D        | Reached skill level 9 in Invocations
   210 | D        | Reached XP level 10. HP: 60/68 MP: 9/22
   217 | D        | Killed a draconian
   223 | D        | Got the ring of Meupn {rF- MR- AC+5 Int+7 Stlth+}
   234 | D        | Entered arena 7.
   237 | D        | Reached ***** piety under Qazlal
   238 | D        | Found a transporter.
   251 | D        | Got the ring of Foolhardiness {Fire rPois rN+ Int+4 Dex-2}
   254 | D        | Entered arena 8.
   254 | D        | Noticed a shining eye
   257 | D        | Killed a shining eye
   257 | D        | Reached skill level 10 in Invocations
   261 | D        | Found a transporter.
   290 | D        | Entered arena 9.
   291 | D        | Found a transporter.
   300 | D        | Reached ****** piety under Qazlal
   300 | D        | Reached XP level 11. HP: 58/76 MP: 17/24
   436 | D        | Entered arena 10.
   437 | D        | Found a transporter.
   455 | D        | Entered arena 11.
   455 | D        | Noticed a wolf spider
   457 | D        | Reached skill level 10 in Polearms
   457 | D        | Reached skill level 11 in Invocations
   459 | D        | Killed a wolf spider
   460 | D        | Found a transporter.
   495 | D        | Got the ring "Keanuf" {rC+ Int+2}
   503 | D        | Entered arena 12.
   503 | D        | Noticed Erolcha
   503 | D        | Noticed Maurice
   503 | D        | Noticed Sonja
   503 | D        | Noticed Blork the orc
   503 | D        | Noticed Edmund
   504 | D        | Noticed Jessica
   504 | D        | Noticed Josephine
   504 | D        | Noticed Grum
   505 | D        | Found a transporter.
   506 | D        | Killed Jessica
   506 | D        | Killed Grum
   506 | D        | Killed Sonja
   506 | D        | Reached skill level 10 in Spellcasting
   506 | D        | Killed Maurice
   506 | D        | Reached skill level 12 in Invocations
   506 | D        | Killed Josephine
   506 | D        | Killed Erolcha
   514 | D        | Killed Edmund
   520 | D        | Killed Blork the orc
   533 | D        | Entered arena 13.
   534 | D        | Noticed a greater mummy
   534 | D        | Noticed a greater mummy
   540 | D        | Noticed an emperor scorpion
   543 | D        | Noticed a mana viper
   545 | D        | Reached XP level 12. HP: 74/85 MP: 15/26
   545 | D        | Reached skill level 13 in Invocations
   552 | D        | Noticed an emperor scorpion
   552 | D        | Noticed an emperor scorpion
   552 | D        | Noticed an emperor scorpion
   552 | D        | Noticed an emperor scorpion
   562 | D        | Killed a greater mummy
   562 | D        | Reached skill level 15 in Fighting
   562 | D        | Reached skill level 14 in Invocations
   562 | D        | Killed a greater mummy
   562 | D        | Reached skill level 15 in Invocations
   563 | D        | Found a transporter.
   582 | D        | Entered arena 14.
   583 | D        | Noticed a death yak
   585 | D        | Reached XP level 13. HP: 92/95 MP: 20/28
   588 | D        | Found a transporter.
   608 | D        | Got the amulet of a Million Curses {Gourm Str+3 Dex+4}
   614 | D        | Entered arena 15.
   615 | D        | Noticed a shadow dragon
   618 | D        | Found a transporter.
   637 | D        | Killed a shadow dragon
   637 | D        | Reached skill level 16 in Invocations
   685 | D        | Got the ring "Dikinkir" {Dex+3 SInv Stlth+}
   762 | D        | Entered arena 16.
   763 | D        | Noticed a green very ugly thing
   764 | D        | Noticed a purple very ugly thing
   765 | D        | Found a transporter.
   767 | D        | Reached skill level 15 in Shields
   767 | D        | Killed a brown very ugly thing
   767 | D        | Reached skill level 15 in Armour
   767 | D        | Reached skill level 17 in Invocations
   775 | D        | Killed a purple very ugly thing
   796 | D        | Got the ring "Hacwog" {rElec rN+ EV+2}
   804 | D        | Got the amulet of the Komodo Dragon {Faith rC+ Str+3 Int-3}
   810 | D        | Entered arena 17.
   832 | D        | Found a transporter.
   916 | D        | Entered arena 18.
   925 | D        | Gained mutation: Your large and strong wings let you fly indefinitely. [Gargoyle growth]
   925 | D        | Reached XP level 14. HP: 69/103 MP: 14/31
   925 | D        | Reached skill level 18 in Invocations
   938 | D        | Found a transporter.
   956 | D        | Got the ring of Faol Ynis {*Slow rElec rF+ rC+ rN+ Stlth+}
   968 | D        | Entered arena 19.
  1008 | D        | Found a transporter.
  1162 | D        | Entered arena 20.
  1179 | D        | Reached skill level 19 in Invocations
  1202 | D        | Found a transporter.
  1218 | D        | Got the +2 helmet of the Saviour {+Blink +Inv rC+}
  1269 | D        | Entered arena 21.
  1272 | D        | Noticed a stone giant
  1272 | D        | Noticed a stone giant
  1273 | D        | Noticed a stone giant
  1273 | D        | Noticed an iron dragon
  1273 | D        | Noticed a stone giant
  1273 | D        | Noticed a stone giant
  1275 | D        | Noticed a quicksilver dragon
  1275 | D        | Noticed a quicksilver dragon
  1276 | D        | Noticed a stone giant
  1277 | D        | Noticed a stone giant
  1278 | D        | Killed a stone giant
  1278 | D        | Killed a quicksilver dragon
  1278 | D        | Killed a stone giant
  1278 | D        | Killed a stone giant
  1278 | D        | Killed a quicksilver dragon
  1278 | D        | Killed a stone giant
  1278 | D        | Reached skill level 20 in Invocations
  1278 | D        | Killed a stone giant
  1278 | D        | Killed a stone giant
  1278 | D        | Reached XP level 15. HP: 64/111 MP: 16/33
  1278 | D        | Killed an iron dragon
  1278 | D        | Reached skill level 15 in Polearms
  1309 | D        | Reached skill level 21 in Invocations
  1334 | D        | Found a transporter.
  1345 | D        | Got the ring of the Skies Above {rN++ Int+4}
  1368 | D        | Got the +0 helmet of the Hidden Vale {Dex+2 Slay+4}
  1383 | D        | Got the ring "Errir" {rF- rN+ Str+4 Int+8 Dex+4}
  1554 | D        | Entered arena 22.
  1559 | D        | Noticed an iron giant
  1560 | D        | Reached skill level 15 in Spellcasting
  1597 | D        | Killed an iron giant
  1621 | D        | Found a transporter.
  1627 | D        | Got the +2 pair of boots "Wanituso" {rPois}
  1638 | D        | Got the ring "Nehoro" {+Blink rC+ rN++ Str+4 Dex-2}
  1649 | D        | Entered arena 23.
  1680 | D        | Noticed an acid blob
  1681 | D        | Noticed an acid blob
  1682 | D        | Noticed an azure jelly
  1682 | D        | Noticed an acid blob
  1683 | D        | Killed an acid blob
  1685 | D        | Noticed an azure jelly
  1686 | D        | Noticed an azure jelly
  1686 | D        | Reached skill level 22 in Invocations
  1686 | D        | Gained mutation: You occasionally shout uncontrollably at your foes. [a shining eye]
  1687 | D        | Noticed an azure jelly
  1688 | D        | Killed an acid blob
  1690 | D        | Noticed an acid blob
  1693 | D        | Noticed an acid blob
  1693 | D        | Killed an azure jelly
  1693 | D        | Killed an azure jelly
  1693 | D        | Killed an azure jelly
  1696 | D        | Noticed an acid blob
  1698 | D        | Noticed an acid blob
  1698 | D        | Killed an acid blob
  1701 | D        | Killed an azure jelly
  1701 | D        | Reached XP level 16. HP: 72/120 MP: 2/36
  1703 | D        | Killed an acid blob
  1703 | D        | Reached skill level 23 in Invocations
  1711 | D        | Killed an acid blob
  1723 | D        | Killed an acid blob
  1727 | D        | Killed an acid blob
  1740 | D        | Blown up by an eye of devastation

Skill      XL: |  1  2  3  4  5  6  7  8  9 10 11 12 13 14 15 16 |
---------------+-------------------------------------------------+-----
Fighting       | 4 7 8 9 10 11 14 16 17 19 20 21 | 21.0
Polearms       | 3 5 6 7 8 9 10 12 13 14 16 | 16.7
Armour         | 4 6 7 8 10 11 12 14 15 17 19 | 19.4
Stealth        | 3 6 7 9 10 11 12 | 12.2
Shields        | 4 7 8 9 10 11 12 14 15 17 19 | 19.4
Spellcasting   | 2 4 5 6 8 9 10 11 13 14 16 | 16.5
Invocations    | 4 6 7 9 10 12 15 17 20 22 23 | 23.5

Action                   |  1- 3 |  4- 6 |  7- 9 | 10-12 | 13-15 | 16-18 || total
-------------------------+-------+-------+-------+-------+-------+-------++-------
Melee: Lance             |     7 |     9 |    42 |    98 |   232 |    30 ||   418
Invok: Upheaval          |       |       |     2 |    15 |    28 |     1 ||    46
       Disaster Area     |       |       |       |     4 |    11 |     2 ||    17
       Elemental Force   |       |       |       |       |     3 |       ||     3
 Abil: Fly               |       |       |       |       |     1 |       ||     1
  Use: Potion            |     4 |       |     1 |     8 |     6 |     3 ||    22
  Eat: Meat ration       |       |       |       |       |     1 |       ||     1
Armor: Plate armour      |     1 |     2 |    18 |   114 |   104 |    12 ||   251
Dodge: Dodged            |       |       |       |     7 |     9 |       ||    16
       Deflected         |       |       |       |       |       |     1 ||     1
Block: Shield            |     8 |     2 |    57 |   203 |   372 |    26 ||   668
